 Dungeon Crawl Stone Soup version 0.22-a0-603-gfc1114d (webtiles) character file.

2429 Hebeh the Shield-Bearer (level 9, 0/78 HPs)
             Began as a Minotaur Fighter on July 7, 2018.
             Was an Initiate of Trog.
             Slain by a crocodile (4 damage)
             ... on level 9 of the Dungeon.
             The game lasted 00:18:07 (6604 turns).

Hebeh the Shield-Bearer (Minotaur Fighter)          Turns: 6604, Time: 00:18:07

Health: 0/78       AC: 10    Str: 22    XL:     9   Next: 24%
Magic:  10/10      EV:  8    Int:  5    God:    Trog [......]
Gold:   486        SH: 11    Dex: 12    Spells: 8/8 levels left

rFire    . . .     SeeInvis .   E - +6 morningstar "Popaxki" {drain, rN+ Str-2 Dex+2}
rCold    . . .     Gourm    .   c - +0 shield
rNeg     + + .     Faith    .   s - +0 scale mail
rPois    .         Spirit   .   (helmet restricted)
rElec    .         Reflect  .   g - +0 cloak
rCorr    .         Harm     .   B - +0 pair of gloves
MR       .....                  (no boots)
Stlth    ..........             K - amulet of the acrobat
HPRegen  0.23/turn              u - +2 ring of slaying
MPRegen  0.12/turn              H - ring of positive energy

@: no status effects
A: retaliatory headbutt, horns 2
a: Renounce Religion


You were on level 9 of the Dungeon.
You worshipped Trog.
Trog was noncommittal.
You were not hungry.

You visited 2 branches of the dungeon, and saw 10 of its levels.

You collected 486 gold pieces.

Inventory:

Hand Weapons
 a - a +0 war axe
 b - a +0 hunting sling
 o - the +10 dagger "Denetamm" {speed, rN+ MP+9 Int+4}
   (You found it on level 4 of the Dungeon)

   Attacks with this weapon are significantly faster.
   It affects your intelligence (+4).
   It protects you from negative energy.
   It affects your magic capacity (+9).
 E - the +6 morningstar "Popaxki" (weapon) {drain, rN+ Str-2 Dex+2}
   (You found it on level 5 of the Dungeon)

   A truly terrible weapon, it drains the life of those it strikes.
   It affects your strength (-2).
   It affects your dexterity (+2).
   It protects you from negative energy.
Missiles
 h - 161 stones
 q - 2 javelins (quivered)
 y - 58 sling bullets
Armour
 c - a +0 shield (worn)
 g - a +0 cloak (worn)
 s - a +0 scale mail (worn)
 B - a +0 pair of gloves (worn)
Jewellery
 u - a +2 ring of slaying (left hand)
 H - a ring of positive energy (right hand)
 K - an amulet of the acrobat (around neck)
 N - a cursed ring of teleportation {unknown}
 O - an uncursed ring of stealth {unknown}
Wands
 r - a wand of enslavement (8)
 C - a wand of clouds (6)
 L - a wand of flame (36)
 M - a wand of acid (6)
 P - a wand of paralysis (13)
Scrolls
 e - 7 scrolls of teleportation {unknown}
 i - 2 scrolls of noise {unknown}
 j - a scroll of enchant weapon {unknown}
 k - 2 scrolls of remove curse {unknown}
 n - 9 scrolls of identify
 t - 2 scrolls of amnesia {unknown}
 w - 2 scrolls of enchant armour {unknown}
 x - 4 scrolls of magic mapping {unknown}
 D - a scroll of vulnerability {unknown}
 G - a scroll of immolation {unknown}
 J - a scroll of fear {unknown}
Potions
 d - 3 potions of might
 l - a potion of flight {unknown}
 m - 8 potions of mutation {unknown}
 p - a potion of lignification {unknown}
 v - a potion of brilliance {unknown}
 z - a potion of curing {unknown}
 A - a potion of berserk rage {unknown}
 F - 2 potions of heal wounds {unknown}
 I - 2 potions of invisibility {unknown}
Comestibles
 f - 15 rations
 Q - 7 chunks of flesh


   Skills:
 + Level 6.8 Fighting
 - Level 1.4 Short Blades
 - Level 4.8(6.3) Axes
 * Level 6.4(7.1) Maces & Flails
 + Level 4.2 Throwing
 + Level 6.7 Armour
 + Level 6.9 Shields
 + Level 3.8 Evocations


You had 8 spell levels left.
You didn't know any spells.
Your spell library was empty.

Dungeon Overview and Level Annotations

Branches:
Dungeon (9/15)             Temple (1/1) D:7            Lair (0/6) D:9
    Orc: D:9-12

Altars:
Dithmenos
Gozag
Kikubaaqudgha
Makhleb
Nemelex Xobeh
Okawaru
Ru
Sif Muna
Trog
Wu Jian
Xom
Beogh

Shops:
D:7 (

Annotations:
D:5 8 runed doors, pedritolo's ghost, amateur FeCK
D:7 3 runed doors, kirsanium's ghost, novice GnSk
D:8 3 runed doors, EnegeticOcto's ghost, novice HOMo


Innate Abilities, Weirdness & Mutations

You reflexively headbutt those who attack you in melee.
You have a pair of horns on your head.


Message History

The elephant tramples you but does no damage.
The elephant trunk-slaps you but does no damage.
You hit the elephant. You headbutt the elephant!
The elephant is almost dead.
The elephant tramples you.
* * * LOW HITPOINT WARNING * * *
You stumble backwards!
You sock the elephant!
You kill the elephant!
Trog accepts your kill.
Your base Maces & Flails skill increases to level 6!
You sock the crocodile!
The crocodile is heavily wounded.
The crocodile completely misses you.
You hit the crocodile but do no damage.
You headbutt the crocodile, but do no damage.
The crocodile is heavily wounded.
You block the crocodile's attack. You block the basilisk's attack.
Something hits you but does no damage. The crocodile bites you.
You die...

#...........
#........>.. #+##
#.#......... #<.##
#.##........ ##..#
#.###....... ##.# #.#
##..... #.#
##.#######.##
####'#######.tl.......#
#.......##.).@.....## #
#.......'..#.......#
#.......####..รท....#
#.......# #..........
######+## #.......##.
##.###### #.# #.. ###


You could see a basilisk and a crocodile.

Vanquished Creatures
  An elephant (D:9)
  A hippogriff (D:9)
  Sigmund (D:5)
  A black bear (D:7)
  An orc warrior (D:7)
  2 ice beasts (D:5)
  An ogre (D:4)
  4 bullfrogs
  A scorpion (D:5)
  A howler monkey (D:4)
  3 crimson imps
  A bullfrog zombie (D:7)
  5 jellies
  An orc priest (D:4)
  A gnoll shaman (D:7)
  3 orc wizards
  A bullfrog skeleton (D:6)
  3 hounds
  2 iguanas
  3 worker ants
  11 adders
  3 gnolls (D:7)
  A river rat (D:5)
  An ooze (D:5)
  2 worms
  2 dart slugs
  2 leopard geckos (D:4)
  21 orcs
  4 ball pythons
  5 bats
  8 giant cockroaches
  6 goblins
  8 hobgoblins
  12 jackals
  4 quokkas
  A ball python skeleton (D:5)
  12 frilled lizards
  6 kobolds
  A leopard gecko skeleton (D:4)
  A quokka skeleton (D:7)
  6 rats
154 creatures vanquished.

Notes
Turn   | Place    | Note
-------+----------+-------------------------------------------
     0 | D:1      | Hebeh the Minotaur Fighter began the quest for the Orb.
     0 | D:1      | Reached XP level 1. HP: 19/19 MP: 0/0
   308 | D:1      | Reached XP level 2. HP: 24/27 MP: 1/1
   670 | D:1      | Reached XP level 3. HP: 33/33 MP: 2/2
  1575 | D:2      | Reached XP level 4. HP: 40/40 MP: 3/3
  2009 | D:3      | Noticed a two-headed ogre
  2454 | D:4      | Noticed an ogre
  2462 | D:4      | Reached XP level 5. HP: 39/47 MP: 4/4
  2465 | D:4      | Reached skill level 1 in Throwing
  2467 | D:4      | Killed an ogre
  2467 | D:4      | Reached skill level 1 in Evocations
  2478 | D:4      | Reached XP level 6. HP: 18/53 MP: 5/5
  2755 | D:4      | Got a sapphire dagger
  2787 | D:4      | Identified the +10 dagger "Denetamm" {speed, rN+ MP+9 Int+4} (You found it on level 4 of the Dungeon)
  3518 | D:5      | Entered Level 5 of the Dungeon
  3518 | D:5      | Noticed a soldier ant
  3518 | D:5      | Noticed a soldier ant
  3518 | D:5      | Noticed an ice beast
  3520 | D:5      | Noticed a soldier ant
  3524 | D:5      | Killed an ice beast
  3524 | D:5      | Reached skill level 1 in Short Blades
  3524 | D:5      | Reached skill level 5 in Shields
  3676 | D:5      | Found a runed gate.
  3679 | D:5      | Found the +9 staff of Olgreb {rPois}
  3722 | D:5      | Found a runed gate.
  3727 | D:5      | Got a bone morningstar
  3763 | D:5      | Identified the +6 morningstar "Popaxki" {drain, rN+ Str-2 Dex+2} (You found it on level 5 of the Dungeon)
  3784 | D:5      | Noticed Sigmund
  3790 | D:5      | Reached skill level 5 in Fighting
  3792 | D:5      | Reached skill level 1 in Maces & Flails
  3794 | D:5      | Reached skill level 5 in Armour
  3801 | D:5      | Killed Sigmund
  3801 | D:5      | Reached XP level 7. HP: 22/61 MP: 7/7
  4071 | D:5      | Found an ancient bone altar of Kikubaaqudgha.
  4078 | D:5      | Found a runed door.
  4126 | D:5      | Found a runed gate.
  4339 | D:5      | Found a runed gate.
  4340 | D:5      | Found a runed gate.
  4341 | D:5      | Noticed pedritolo's ghost (amateur FeCK)
  4368 | D:5      | Found a runed gate.
  4496 | D:5      | Found a runed door.
  4547 | D:6      | Reached XP level 8. HP: 60/70 MP: 8/8
  4878 | D:6      | Found a shimmering altar of Xom.
  5395 | D:7      | Reached skill level 5 in Maces & Flails
  5412 | D:7      | Noticed kirsanium's ghost (novice GnSk)
  5413 | D:7      | Found a runed gate.
  5413 | D:7      | Found a runed gate.
  5413 | D:7      | Found a runed gate.
  5415 | D:7      | Found a roughly hewn altar of Beogh.
  5598 | D:7      | Found a staircase to the Ecumenical Temple.
  5604 | Temple   | Entered the Ecumenical Temple
  5634 | Temple   | Became a worshipper of Trog the Wrathful
  5693 | D:7      | Found an opulent altar of Gozag.
  5954 | D:7      | Found Hiplanos's Antique Weapon Shop.
  6145 | D:8      | Found a runed gate.
  6146 | D:8      | Found a runed gate.
  6147 | D:8      | Found a runed gate.
  6198 | D:8      | Noticed EnegeticOcto's ghost (novice HOMo)
  6575 | D:9      | Noticed a hippogriff
  6576 | D:9      | Found a staircase to the Lair.
  6577 | D:9      | Noticed an elephant
  6581 | D:9      | Killed a hippogriff
  6581 | D:9      | Reached XP level 9. HP: 65/78 MP: 10/10
  6601 | D:9      | HP: 3/78 [elephant (3)]
  6602 | D:9      | Killed an elephant
  6604 | D:9      | Slain by a crocodile

Vault maps used:
D:1:      dpeg_arrival_lava_temple_mockup
D:3:      first_ration, lightli_corner_chamber
D:5:      kiku_gazebo_garden_becter, gammafunk_ghost_necromancy,
          portal_sewer_entry_b, st_stairs_3, serial_bayou_ford_a,
          minmay_guarded_unrand_staff_of_olgreb, uniq_sigmund,
          uniq_crazy_yiuf_cottage
D:6:      lemuel_crystal_altar, corexii_hall_statues_i
D:7:      nicolae_gozag_seed_capital, minmay_temple_entry_enclosed_plants,
          serial_shops, shop, biasface_ghost_orc_armoury, minmay_parallelograms
D:8:      gammafunk_ghost_spectres
D:9:      slow_altar_1, nicolae_overflow_hidden_temple, david_lair_generic
Temple:   nicolae_temple_elliptical

Skill      XL: |  1  2  3  4  5  6  7  8  9 |
---------------+----------------------------+-----
Axes           | 3 4 |  4.8
Armour         | 4 5 6 |  6.7
Shields        | 4 5 6 |  6.9
Fighting       | 4 5 6 |  6.8
Throwing       | 1 2 4 |  4.2
Evocations     | 1 2 3 |  3.8
Short Blades   | 1 |  1.4
Maces & Flails | 2 3 5 6 |  6.4

Action                   |  1- 3 |  4- 6 |  7- 9 || total
-------------------------+-------+-------+-------++-------
Melee: War axe           |    93 |    65 |       ||   158
       Headbutt          |     9 |    18 |    19 ||    46
       Morningstar       |       |    17 |   124 ||   141
       Dagger            |       |    15 |       ||    15
  Use: Scroll            |       |       |     1 ||     1
  Eat: Chunk             |     2 |     7 |     6 ||    15
       Ration            |       |       |     1 ||     1
Armor: Scale mail        |    46 |    53 |    74 ||   173
Dodge: Dodged            |    37 |    32 |    40 ||   109
Block: Shield            |    57 |    63 |    74 ||   194

Table legend:
 A = Spawn XP
 B = Non-spawn XP
 C = Spawn XP percentage of total XP
 D = Spawn monster count
 E = Non-spawn monster count
 F = Spawn count percentage of total count
 G = Total turns spent on level
                    A         B        C        D         E        F      G
               +---------+---------+-------+---------+---------+-------+---------
         Total |       0 |    3471 |   0.0 |       0 |     154 |   0.0 |  6604
               +---------+---------+-------+---------+---------+-------+---------
           D:1 |       0 |      50 |   0.0 |       0 |      30 |   0.0 |   817
           D:2 |       0 |      49 |   0.0 |       0 |      22 |   0.0 |  1003
           D:3 |       0 |      42 |   0.0 |       0 |      17 |   0.0 |   629
           D:4 |       0 |     313 |   0.0 |       0 |      12 |   0.0 |  1069
           D:5 |       0 |     911 |   0.0 |       0 |      27 |   0.0 |  1004
           D:6 |       0 |     296 |   0.0 |       0 |      11 |   0.0 |   734
           D:7 |       0 |     887 |   0.0 |       0 |      25 |   0.0 |   734
           D:8 |       0 |      50 |   0.0 |       0 |       2 |   0.0 |   490
           D:9 |       0 |     873 |   0.0 |       0 |       8 |   0.0 |    65
               +---------+---------+-------+---------+---------+-------+---------
